 Dungeon Crawl Stone Soup version 0.26-a0-663-g36e8fdb655 (webtiles) character file.

Game seed: 2517179518230954318

392 DogServant the Cudgeler (level 6, -7/39 HPs)
             Began as a Gargoyle Fighter on Oct 12, 2020.
             Was an Initiate of Elyvilon.
             Killed by divine providence
             ... invoked by an orc priest
              (14 damage)
             ... on level 3 of the Dungeon.
             The game lasted 00:07:04 (2964 turns).

DogServant the Cudgeler (Gargoyle Fighter)          Turns: 2964, Time: 00:07:05

Health: -7/39      AC: 18    Str: 21    XL:     6   Next: 80%
Magic:  6/6        EV:  4    Int:  4    God:    Elyvilon [......]
Gold:   163        SH:  9    Dex: 10    Spells: 5/5 levels left

rFire    . . .     SeeInvis .   t - -3 whip (curse)
rCold    . . .     Faith    .   c - +0 kite shield
rNeg     + . .     Spirit   .   q - +0 plate armour
rPois    ∞         Reflect  .   (no helmet)
rElec    +         Harm     .   (no cloak)
rCorr    +         Rampage  .   k - +0 pair of gloves
MR       .....                  h - +0 pair of boots
Stlth    ..........             (no amulet)
HPRegen  0.13/turn              f - ring of resist corrosion
MPRegen  0.10/turn              o - -4 ring of intelligence (curse)

@: no status effects
A: negative energy resistance 1, electricity resistance, unbreathing,
petrification resistance, rot immunity, AC +4
a: Renounce Religion


You were on level 3 of the Dungeon.
You worshipped Elyvilon.
Elyvilon was noncommittal.
You visited 2 branches of the dungeon, and saw 6 of its levels.

You collected 163 gold pieces.

Inventory:

Hand Weapons
 a - a +0 flail
 t - a cursed -3 whip (weapon)
Missiles
 j - 3 javelins (quivered)
 l - 8 silver javelins
 p - 4 silver boomerangs
Armour
 b - a +0 scale mail
 c - a +0 kite shield (worn)
 h - a +0 pair of boots (worn)
 k - a +0 pair of gloves (worn)
 q - a +0 plate armour (worn)
Jewellery
 f - a ring of resist corrosion (left hand)
 o - a cursed -4 ring of intelligence (right hand)
Scrolls
 d - a scroll of teleportation
 e - a scroll of identify
 i - a scroll of blinking {unknown}
 u - 2 scrolls of remove curse {unknown}
Potions
 g - 2 potions of mutation
 m - 3 potions of curing {unknown}
 n - 2 potions of degeneration {unknown}
 r - a potion of invisibility {unknown}
 s - a potion of lignification {unknown}


   Skills:
 - Level 4.5 Fighting
 + Level 5.6 Maces & Flails
 - Level 4.5 Armour
 - Level 3.3 Shields


You had 5 spell levels left.
You didn't know any spells.
Your spell library contained the following spells:

 Spells                   Type           Power        Failure   Level
 Confusing Touch          Hex            #.......     100%        3
 Gell's Gravitas          Tloc           #.........   100%        3
 Petrify                  Tmut/Erth      #.......     100%        4
 Metabolic Englaciation   Hex/Ice        #.........   100%        5
 Yara's Violent Unravell  Hex/Tmut       #.........   100%        5


Dungeon Overview and Level Annotations

Branches:
Dungeon (5/15)             Temple (1/1) D:4

Altars:
Ashenzari
Cheibriados
Elyvilon
Fedhas
Gozag
Hepliaklqana
Kikubaaqudgha
Makhleb
Nemelex Xobeh
Yredelemnul
Zin
The Shining One

Shops:
D:5 =

Annotations:
D:5 Eustachio


Innate Abilities, Weirdness & Mutations

You are resistant to torment.
Your stone body is resilient. (AC +4)
You are immune to poison.
You resist negative energy. (rN+)
You are resistant to electric shocks. (rElec)
You can survive without breathing.
You are immune to petrification.
You are immune to rotting.


Message History

The orc is moderately wounded.
The orc hits you but does no damage.
The orc priest looks encouraged for a moment.
You hit the orc.
You kill the orc!
You closely miss the orc. The orc hits you but does no damage.
You hit the orc but do no damage.
The orc priest hits you from afar with a +0 trident.
The orc completely misses you.
You completely miss the orc.
The orc priest hits you but does no damage.
You closely miss the orc. The orc hits you but does no damage.
The orc priest mumbles some strange prayers to Beogh against you.
Beogh smites you!
The orc priest mumbles some strange prayers to Beogh against you.
Beogh smites you!
* * * LOW HITPOINT WARNING * * *
The orc priest calls down the wrath of Beogh upon you.
Beogh smites you!
You die...

##### #..... #......
############ .......
#.(........# .......
#..........# $......
#(.........############.....[.
......(.........@o.oo.g.......
####(##################.......
##.# ....... ##..# ..g....
#..## . ....... #.## ..
....... #.# ###. #......
#.###... #..... ##.##..#####


You could see 2 orc priests, an orc and a hobgoblin.

Vanquished Creatures
  An ogre (D:4)
  A scorpion (D:4)
  A hound (D:5)
  A centaur skeleton (D:4)
  A worker ant (D:4)
  A mummy (D:4)
  4 gnolls (D:3)
  5 adders
  An ufetubus (D:3)
  An adder skeleton (D:5)
  A dart slug (D:2)
  2 leopard geckos
  12 orcs
  A ball python (D:1)
  4 bats
  2 giant cockroaches (D:1)
  3 goblins
  4 hobgoblins
  6 kobolds
  4 quokkas
  3 frilled lizards
  A kobold zombie (D:4)
  2 orc zombies (D:4)
  A quokka skeleton (D:4)
  5 rats
68 creatures vanquished.

Notes
Turn   | Place    | Note
-------+----------+-------------------------------------------
     0 | D:1      | DogServant the Gargoyle Fighter began the quest for the
                  | Orb.
     0 | D:1      | Reached XP level 1. HP: 14/14 MP: 1/1
   361 | D:1      | Reached XP level 2. HP: 19/19 MP: 2/2
   866 | D:2      | Reached XP level 3. HP: 22/24 MP: 3/3
   892 | D:2      | You fall into a shaft and drop 2 floors!
   961 | D:3      | Reached XP level 4. HP: 29/29 MP: 4/4
  1025 | D:3      | Reached skill level 3 in Maces & Flails
  1253 | D:3      | Reached XP level 5. HP: 34/34 MP: 5/5
  1696 | D:2      | Found a burning altar of Makhleb.
  1754 | D:2      | You fall into a shaft and drop 2 floors!
  1767 | D:4      | Found a staircase to the Ecumenical Temple.
  1789 | Temple   | Entered the Ecumenical Temple
  1876 | Temple   | Became a worshipper of Elyvilon the Healer
  1929 | D:4      | Noticed an ogre
  1952 | D:5      | Entered Level 5 of the Dungeon
  2015 | D:5      | Reached skill level 4 in Maces & Flails
  2077 | D:5      | Noticed Eustachio
  2101 | D:5      | Found Revvum Ygroo's Jewellery Boutique.
  2192 | D:4      | Reached XP level 6. HP: 28/39 MP: 6/6
  2478 | D:4      | Reached skill level 5 in Maces & Flails
  2714 | D:3      | Found a glowing golden altar of the Shining One.
  2964 | D:3      | Killed from afar by an orc priest

Illustrated notes

Levels and vault maps discovered:
D:1:      psy_arrival_conway, layout_basic, chequers_serial_rivers_micro_a
D:2:      layout_basic, bloody_makhleb, minitemple,
          hangedman_abyss_or_decor_stabs
D:3:      layout_rooms, tso_metal_star
D:4:      layout_loops_corners, old_standard_altar,
          minmay_temple_entry_offerings, palyth_stone_intersect,
          minmay_mini_ossuary
D:5:      layout_loops_ring, serial_shops, shop, uniq_eustachio, uniq_menkaure,
          uniq_crazy_yiuf_cottage, uniq_pikel
Temple:   jpeg_temple_clearing

Skill      XL: |  1  2  3  4  5  6 |
---------------+-------------------+-----
Fighting       | 4 |  4.5
Armour         | 4 |  4.5
Maces & Flails | 3 4 5 |  5.6
Shields        | |  3.3

Action                   |  1- 3 |  4- 6 || total
-------------------------+-------+-------++-------
Melee: Flail             |    79 |   105 ||   184
       Whip              |       |   223 ||   223
  Use: Scroll            |     3 |     1 ||     4
       Potion            |       |     2 ||     2
Armor: Scale mail        |    38 |       ||    38
       Plate armour      |     7 |   220 ||   227
Dodge: Dodged            |    18 |    54 ||    72
Block: Kite shield       |    46 |   141 ||   187

Table legend: (Time is in decaauts)
 A = Elapsed time spent in this place.
 B = Non-inter-level travel time spent in this place.
 C = Inter-level travel time spent in this place.
 D = Time resting spent in this place.
 E = Time spent auto-exploring this place.
 F = Levels seen in this place.
 G = Mean time per level.
                   A        B        C        D        E       F      G
               +--------+--------+--------+--------+--------+-----+--------+
         Total |   3023 |   2981 |     42 |    255 |   1814 |   6 |  503.8 |
       Dungeon |   2924 |   2893 |     31 |    255 |   1734 |   5 |  584.8 |
        Temple |     98 |     87 |     11 |      0 |     80 |   1 |   98.0 |
               +--------+--------+--------+--------+--------+-----+--------+

Top non-repeatable levels by time:
     D:3: 815 daAuts
     D:4: 682 daAuts
     D:1: 611 daAuts
     D:2: 597 daAuts
     D:5: 217 daAuts
  Temple: 98 daAuts
